Map: Frozen Temple

Players

Gracz

  • Race: Protoss Protoss
  • League: Silver

MrBio - Winner!

  • Race: Terran Terran

VOD

Have the link to the VOD?

Description

Time

  • Played on: Oct. 1, 2016, 4:05 p.m.
  • Length: 33:14
Show
View Real Time Build Order
Export as new Build Order

Gracz Protoss 

Build Orders:  

Get SALT Encoding   

  12  0:01  Probe (Chrono Boost)  
  13  0:16  Pylon  
  13  0:19  Probe (Chrono Boost)  
  14  0:33  Assimilator  
  14  0:39  Gateway  
  14  0:42  Probe (Chrono Boost)  
  15  0:53  Probe (Chrono Boost)  
  16  1:03  Probe (Chrono Boost)  
  17  1:04  Pylon  
  17  1:13  Gateway  
  17  1:25  Probe (Chrono Boost)  
  18  1:36  Probe (Chrono Boost), Cybernetics Core  
  19  1:45  Pylon  
  20  1:47  Probe (Chrono Boost)  
  20  1:54  Assimilator  
  20  1:57  Probe (Chrono Boost)  
  21  2:03  Warp Gate  
  21  2:08  Probe (Chrono Boost)  
  22  2:15  Adept x2  
  28  2:30  Mothership Core (Chrono Boost)  
  28  2:42  Twilight Council  
  28  2:50  Probe (Chrono Boost)  
  29  3:06  Stalker x2  
  33  3:18  Gateway x2  
  33  3:21  Gateway  
  31  4:11  Robotics Facility  
  31  4:12  Robotics Facility  
  31  4:22  Nexus  
  31  4:25  Pylon  
  31  4:27  Probe (Chrono Boost)  
  33  4:39  Probe (Chrono Boost)  
  33  5:04  Immortal x2  
  41  5:11  Pylon  
  41  5:15  Assimilator  
  41  5:17  Probe (Chrono Boost)  
  43  5:29  Probe (Chrono Boost)  
  43  5:34  Templar Archives  
  43  5:44  Robotics Bay  
  43  5:46  Stalker  
  45  5:54  Stalker  
  47  5:58  Warp Prism  
  49  6:09  Stalker  
  51  6:13  Probe (Chrono Boost)  
  52  6:22  Forge  
  52  6:28  Forge  
  52  6:50  Stalker x2  
  52  6:51  Stalker  
  52  6:53  Immortal  
  62  7:04  Probe (Chrono Boost)  
  62  7:05  Probe (Chrono Boost)  
  64  7:14  High Templar  
  66  7:18  Probe (Chrono Boost)  
  53  7:49  Observer  
  53  7:51  Observer  
  55  7:55  Stalker x2  
  55  7:56  Stalker x2  
  63  8:01  Assimilator  
  63  8:05  Probe (Chrono Boost)  
  65  8:06  Probe (Chrono Boost)  
  65  8:36  High Templar x2  
  69  8:44  Pylon  
  69  8:47  Pylon  
  69  8:50  Pylon  
  69  8:52  Probe (Chrono Boost)  
  70  9:02  Probe (Chrono Boost)  
  71  9:05  Probe (Chrono Boost)  
  72  9:12  Probe (Chrono Boost)  
  72  9:17  Probe (Chrono Boost)  
  74  9:19  Nexus  
  74  9:21  Pylon  
  74  9:23  Probe (Chrono Boost)  
  75  9:24  Pylon  
  75  9:27  Assimilator  
  75  9:28  Assimilator  
  75  9:29  Probe (Chrono Boost)  
  76  10:03  Stalker x4  
  76  10:04  Stalker  
  86  10:15  Protoss Ground Weapons Level 1, Protoss Ground Armor Level 1  
  86  10:22  Forge  
  86  10:25  Gateway  
  86  10:28  Pylon  
  86  10:31  Pylon  
  86  10:32  Probe x2 (Chrono Boost)  
  86  10:33  Probe (Chrono Boost)  
  86  10:34  Pylon  
  89  10:38  Disruptor  
  89  10:42  Probe x2 (Chrono Boost)  
  91  10:43  Disruptor  
  91  10:45  Probe (Chrono Boost)  
  98  10:53  Probe x2 (Chrono Boost)  
  101  10:57  Probe (Chrono Boost)  
  101  11:00  Blink  
  101  11:03  Probe x2 (Chrono Boost), Psionic Storm  
  103  11:09  Probe (Chrono Boost)  
  104  11:11  Robotics Facility  
  104  11:14  Immortal  
  108  11:26  Stalker x3  
  108  11:30  High Templar x2  
  118  11:56  Probe (Chrono Boost)  
  118  11:57  Probe x2 (Chrono Boost)  
  129  12:01  Immortal x3  
  129  12:09  Probe (Chrono Boost)  
  122  12:27  Nexus  
  122  12:59  Pylon  
  122  13:01  Pylon  
  122  13:04  Pylon  
  122  13:06  Pylon  
  122  13:08  Photon Cannon x2  
  122  13:10  Photon Cannon  
  122  13:12  Photon Cannon x2  
  122  13:14  Photon Cannon  
  122  13:16  Photon Cannon  
  122  13:21  Photon Cannon  
  122  13:54  Immortal x3  
  134  14:04  Stargate  
  134  14:06  Stargate  
  134  14:09  Probe (Chrono Boost)  
  135  14:13  Stalker  
  133  15:05  Nexus  
  131  15:12  Photon Cannon  
  131  15:14  Photon Cannon x2  
  131  15:38  Stalker x2  
  131  15:39  Stalker  
  131  15:41  High Templar x2  
  141  15:51  Observer  
  141  15:52  Observer x2  
  144  15:58  Stalker  
  146  16:13  Observer  
  147  16:21  Stalker x2  
  147  16:22  Stalker  
  147  16:24  High Templar x2  
  157  17:09  Warp Prism  
  157  17:11  Immortal x2  
  157  17:12  Stalker x2  
  157  17:13  Stalker x2  
  157  17:15  High Templar x2  
  117  17:54  Protoss Ground Weapons Level 2, Protoss Ground Armor Level 2  
  117  18:06  Observer  
  117  18:08  Colossus  
  117  18:12  Protoss Shields Level 1  
  122  18:40  Nexus  
  122  18:42  Pylon  
  122  18:43  Pylon  
  122  18:45  Assimilator x2  
  122  18:46  Pylon  
  122  18:48  Pylon  
  122  18:49  Pylon  
  122  18:52  Stalker  
  122  18:53  Stalker x2  
  126  19:14  Fleet Beacon  
  71  19:24  Stalker x4  
  71  19:29  Stalker  
  71  19:39  Mothership Core (Chrono Boost)  
  71  19:45  Photon Cannon  
  71  19:48  Photon Cannon  
  71  19:54  Photon Cannon  
  71  20:12  Stalker  
  71  20:13  High Templar x2  
  71  20:14  High Templar  
  79  20:15  High Templar x2  
  83  20:25  Carrier  
  83  20:37  Carrier  
  95  20:55  Probe x2 (Chrono Boost)  
  95  20:56  Probe (Chrono Boost)  
  99  20:57  Probe (Chrono Boost)  
  99  21:17  Stalker  
  99  21:18  Stalker x4  
  73  21:50  Stalker x3  
  73  21:52  Stalker  
  73  21:53  High Templar  
  82  22:34  Stalker x2  
  82  22:35  Stalker x2  
  90  22:42  Carrier  
  98  23:01  Mothership Core (Chrono Boost)  
  98  23:06  Stalker  
  98  23:07  Stalker  
  102  23:18  Void Ray  
  111  23:56  Void Ray  
  111  24:02  Void Ray  
  119  24:33  Carrier  
  119  24:36  Carrier  
  131  25:44  Pylon  
  131  25:47  Protoss Ground Weapons Level 3  
  131  25:48  Pylon  
  131  25:49  Carrier  
  131  25:51  Pylon  
  131  25:53  Carrier  
  131  25:56  Pylon  
  143  27:03  Carrier  
  143  27:08  Carrier  
  102  28:41  Carrier  
  102  28:43  Carrier  
  102  28:50  Cybernetics Core  
  102  28:52  Cybernetics Core  
  114  29:00  High Templar  
  118  29:39  Mothership Core (Chrono Boost)  
  118  29:40  Protoss Air Weapons Level 1  
  124  31:27  Carrier  
  124  32:30  Mothership Core (Chrono Boost)  
Show
View Real Time Build Order
Export as new Build Order

MrBio Terran - Winner!

Build Orders:  

Get SALT Encoding   

  12  0:01  SCV  
  13  0:13  SCV  
  14  0:24  Supply Depot  
  14  0:26  SCV  
  15  0:40  Refinery  
  15  0:46  SCV  
  15  0:49  Barracks  
  16  0:58  SCV  
  17  1:10  SCV  
  18  1:22  SCV  
  19  1:34  SCV  
  20  1:41  Command Center  
  20  1:44  Reaper  
  21  1:50  SCV  
  22  1:58  Refinery  
  22  2:08  Orbital Command  
  22  2:22  Bunker  
  22  2:25  Marine  
  23  2:40  Supply Depot  
  23  2:44  Factory  
  23  2:52  SCV  
  24  3:04  SCV, Orbital Command  
  24  3:16  SCV  
  25  3:24  Engineering Bay  
  25  3:29  SCV  
  25  3:31  Marine  
  27  3:41  SCV  
  28  3:49  Marine  
  29  4:04  Missile Turret  
  29  4:11  Missile Turret, SCV  
  29  4:12  SCV  
  29  4:15  Missile Turret  
  29  4:16  Factory Tech Lab  
  31  4:19  Marine  
  31  4:23  SCV  
  31  4:24  SCV  
  34  4:41  SCV x2  
  36  4:47  Starport  
  36  4:49  Starport  
  36  4:53  SCV x2  
  36  4:58  Missile Turret  
  36  4:59  Missile Turret  
  38  5:05  SCV x2  
  40  5:10  Missile Turret  
  40  5:12  Refinery  
  40  5:14  Refinery  
  40  5:17  SCV  
  40  5:18  SCV  
  42  5:22  Supply Depot  
  42  5:23  Supply Depot  
  42  5:25  Starport Tech Lab x2  
  42  5:33  SCV  
  42  5:34  SCV, Fusion Core  
  44  5:45  SCV  
  44  5:48  Cloaking Field  
  45  5:52  Banshee x2  
  45  5:55  Siege Tank  
  54  6:00  Supply Depot  
  54  6:01  Supply Depot  
  54  6:08  Missile Turret  
  54  6:09  SCV x2  
  56  6:20  Hyperflight Rotors  
  56  6:27  Supply Depot  
  56  6:29  Supply Depot  
  56  6:35  Starport  
  56  6:37  Banshee  
  56  6:38  Banshee  
  62  6:41  Siege Tank  
  62  6:46  SCV x2  
  67  6:58  SCV x2  
  69  7:14  Starport Tech Lab  
  69  7:20  SCV x2  
  71  7:32  SCV x2  
  69  7:58  Banshee x2  
  69  7:59  Banshee  
  69  8:02  Armory  
  78  8:16  Supply Depot  
  78  8:17  Supply Depot, Command Center  
  78  8:20  Starport  
  78  8:41  Banshee x3  
  78  8:43  Sensor Tower  
  78  8:44  Sensor Tower  
  87  8:51  Terran Ship Weapons Level 1  
  87  8:57  Starport Reactor  
  87  8:59  SCV  
  87  9:00  SCV  
  89  9:08  Supply Depot  
  89  9:09  Supply Depot  
  89  9:12  SCV x2  
  91  9:24  Banshee x3  
  100  9:42  Building Armor  
  100  9:46  Missile Turret  
  100  9:47  Refinery  
  100  9:48  Missile Turret, SCV x2  
  100  9:50  Missile Turret  
  100  9:51  Missile Turret  
  102  9:53  Refinery  
  102  9:55  Planetary Fortress  
  102  10:00  SCV x2  
  102  10:07  Banshee x3  
  104  10:09  Viking x2  
  117  10:21  Bunker  
  117  10:38  Sensor Tower  
  117  10:49  Banshee  
  117  10:50  Viking x2  
  117  10:52  Banshee x2  
  130  11:10  Terran Ship Weapons Level 2, Command Center  
  130  11:22  Hi-Sec Auto Tracking  
  130  11:32  Banshee  
  130  11:34  Banshee  
  130  11:35  Banshee  
  139  11:43  Supply Depot  
  139  11:44  Supply Depot  
  139  11:45  Supply Depot  
  139  11:46  Supply Depot  
  139  12:15  Banshee  
  139  12:17  Banshee x2  
  148  12:43  Command Center  
  148  12:45  Missile Turret  
  148  12:48  Missile Turret, Viking x2  
  152  12:58  Viking  
  152  13:00  Viking  
  156  13:07  Missile Turret, Supply Depot  
  156  13:08  Supply Depot  
  156  13:09  Missile Turret  
  156  13:10  Planetary Fortress  
  156  13:11  Supply Depot x2  
  156  13:15  Refinery  
  156  13:16  Refinery  
  156  13:26  Missile Turret  
  156  13:28  Viking x4  
  156  13:30  Viking  
  156  13:33  Missile Turret  
  166  13:35  Terran Ship Weapons Level 3  
  166  13:51  Sensor Tower  
  166  13:57  Planetary Fortress  
  166  14:47  Banshee x3  
  166  14:49  Viking x2  
  179  15:20  Starport  
  179  15:22  Starport  
  179  15:23  Starport  
  179  15:25  Starport  
  179  15:43  Command Center  
  179  16:01  Starport Tech Lab x3  
  179  16:08  Banshee x3  
  188  16:17  Terran Vehicle And Ship Armor Level 1  
  188  16:35  Starport Reactor  
  188  16:40  Banshee x3  
  197  16:51  Banshee  
  200  16:57  Command Center  
  199  17:27  Sensor Tower  
  197  17:34  Banshee  
  200  18:14  Command Center  
  200  18:17  Command Center  
  200  18:19  Command Center  
  200  18:23  Missile Turret  
  200  18:24  Missile Turret  
  200  18:37  Orbital Command x2  
  200  18:43  Missile Turret  
  200  18:45  Missile Turret  
  200  19:00  Terran Vehicle And Ship Armor Level 2  
  200  19:05  Missile Turret, Command Center  
  200  19:06  Missile Turret  
  190  19:26  Missile Turret  
  190  19:28  Missile Turret x2  
  190  19:33  Missile Turret  
  190  19:36  Sensor Tower, Banshee x2  
  190  19:37  Viking x2  
  200  19:50  Missile Turret  
  200  19:52  Missile Turret  
  200  19:53  Refinery  
  200  19:58  Refinery  
  200  20:03  Orbital Command  
  200  20:04  Orbital Command x2  
  200  20:16  Command Center x4  
  200  20:17  Command Center  
  200  20:18  Missile Turret, Command Center x3  
  200  20:37  Missile Turret  
  200  20:53  Orbital Command  
  200  21:00  Missile Turret  
  200  21:09  Sensor Tower  
  200  21:13  Sensor Tower  
  200  21:20  Missile Turret  
  200  21:21  Missile Turret  
  200  21:23  Missile Turret  
  200  21:25  Missile Turret  
  200  21:26  Missile Turret x2  
  200  21:27  Missile Turret  
  197  21:35  Refinery  
  197  21:38  Refinery  
  191  21:40  Missile Turret  
  188  21:47  Missile Turret  
  188  21:48  Planetary Fortress x3  
  188  21:50  Missile Turret  
  188  21:51  Missile Turret  
  188  21:52  Planetary Fortress  
  188  21:54  Planetary Fortress  
  188  21:58  Orbital Command x2  
  188  22:07  Refinery  
  188  22:15  Missile Turret  
  188  22:16  Missile Turret, Banshee x3  
  188  22:17  Banshee  
  188  22:18  Missile Turret  
  200  22:31  Refinery  
  200  23:12  Orbital Command  
  173  25:27  Viking  
  173  25:28  Viking x7  
  180  25:29  Viking x2  
  190  25:47  Terran Vehicle And Ship Armor Level 3  
  190  25:57  Viking x2  
  190  25:58  Banshee x2  
  198  27:35  Viking  
  198  27:36  Viking x6  
  169  28:06  Viking x4  
  169  28:07  Viking x6  
  123  28:36  Viking x5  
  123  28:37  Viking x5  
  131  28:51  Starport  
  131  28:52  Starport  
  131  28:53  Starport x2  
  131  28:59  Starport  
  131  29:00  Missile Turret  
  131  29:02  Missile Turret  
  131  29:06  Viking x5  
  131  29:07  Viking x5  
  151  29:20  Missile Turret  
  151  29:25  Missile Turret  
  151  29:30  Command Center  
  151  29:33  Missile Turret x3  
  151  29:34  Missile Turret  
  151  29:36  Viking x5  
  151  29:37  Viking x5  
  171  29:38  Missile Turret  
  171  29:55  Starport Reactor x5  
  171  29:56  Missile Turret  
  171  30:00  Missile Turret  
  171  30:17  Missile Turret  
  171  30:23  Missile Turret  
  171  30:28  Viking  
  171  30:29  Viking x6  
  171  30:30  Viking x3  
  171  30:31  Viking x4  
  199  30:41  Command Center  
  199  30:48  Orbital Command  
  193  32:23  Orbital Command  
  193  32:32  Viking x3  
Tags
 
Add a new tag
Caveats
  • Supply blocks, unpowered buildings, or Contaminate may cause inaccurate times.
  • Supply counts are checked every 10 seconds.